 Dungeon Crawl Stone Soup version 0.31-a0-1163-gcee99d1eea (webtiles) character file.

Game seed: 15133056616825637337

366 Anonymone the Conjurer (level 6, 0/41 HPs)
             Began as a Demonspawn Venom Mage on Dec 9, 2023.
             Slain by a bullfrog (6 damage)
             ... on level 4 of the Dungeon.
             The game lasted 00:12:49 (4290 turns).

Anonymone the Conjurer (Demonspawn Venom Mage)      Turns: 4290, Time: 00:12:49

Health: 0/41       AC: 11    Str:  8    XL:     6   Next: 40%
Magic:  2/11       EV: 14    Int: 17    God:
Gold:   205        SH:  0    Dex: 14    Spells: 5/11 levels left

rFire   . . .        k - +2 flail (protect)
rCold   . . .        (no shield)
rNeg    . . .        a - +0 robe
rPois   .            (no helmet)
rElec   .            (no cloak)
rCorr   .            j - +1 pair of gloves
SInv    .            (no boots)
Will    .....        (no amulet)
Stlth   ++           (no ring)
HPRegen 0.26/turn    (no ring)
MPRegen 0.12/turn

%: no passive effects
@: under a protective aura
A: repulsion field 1, ignite blood 1, spiny 1
a: no special abilities


You were on level 4 of the Dungeon.
You visited 1 branch of the dungeon, and saw 4 of its levels.

You collected 205 gold pieces.

Inventory:

Hand Weapons
 c - a +0 dagger
 h - a +2 antimagic mace
 k - a +2 flail of protection (weapon)
Missiles
 e - a throwing net
Armour
 a - a +0 robe (worn)
 j - a +1 pair of gloves (worn)
Wands
 l - a wand of flame (13)
Scrolls
 d - 2 scrolls of silence
 g - 2 scrolls of identify
 i - a scroll of revelation {unknown}
 m - a scroll of teleportation
 o - a scroll of summoning {unknown}
Potions
 b - a potion of magic
 f - a potion of brilliance
 n - a potion of resistance {unknown}


   Skills:
 - Level 1.8 Dodging
 - Level 1.8 Stealth
 - Level 3.4 Spellcasting
 * Level 4.3 Conjurations
 - Level 0.9 Transmutations
 - Level 2.6 Air Magic
 - Level 3.4 Poison Magic


You had 5 spell levels left.
You knew the following spells:

 Your Spells              Type           Power      Damage    Failure   Level
a - Sting                 Tmut/Pois      40%        1d5       7%          1
b - Poisonous Vapours     Pois/Air       26%        N/A       8%          2
c - Mephitic Cloud        Conj/Pois/Air  14%        N/A       12%         3

Your spell library contained the following spells:

 Spells                   Type           Power      Damage    Failure   Level
 Momentum Strike          Conj/Tloc      20%        3d8       11%         2
 Necrotise                Necr           8%         1d4       17%         1
 Blink                    Tloc           4%         N/A       26%         2
 Lesser Beckoning         Tloc           4%         N/A       26%         2
 Olgreb's Toxic Radiance  Pois           14%        N/A       38%         4
 Vampiric Draining        Necr           2%         2d6       45%         3
 Anguish                  Hex/Necr       1%         N/A       86%         4
 Cause Fear               Hex            1%         N/A       86%         4
 Agony                    Necr           2%         N/A       99%         5
 Enfeeble                 Hex            1%         N/A       100%        7


Dungeon Overview and Level Annotations

Branches:
Dungeon (4/15)
 Temple: D:4-7

Altars:
Makhleb
Vehumet
Wu Jian

Shops:
D:2 =*((

Annotations:
D:3 Grinder


Innate Abilities, Weirdness & Mutations

You are surrounded by a mild repulsion field. (EV +2)
Your demonic aura sometimes causes spilled blood to erupt in flames.
You are partially covered in sharp spines.


Message History

The black bear bites you. The black bear barely misses you. x2
A bullfrog comes into view.
The bullfrog moves out of view.
Casting: Sting (safe; 7% risk of failure)
Confirm with . or Enter, or press ? or * to list all spells.
Aiming: Mephitic Cloud (dangerous; 14% risk of failure)
Press: ? - help, Shift-Dir - straight line, f/p - black bear
Aim: a black bear (severely wounded, poisoned, chance to affect: 72%)
The ball explodes into a vile cloud!
The stinking cloud engulfs the black bear but does no damage.
The black bear is severely wounded.
You hear a shout! x2
The black bear is engulfed in noxious fumes.
The black bear appears confused.
The bullfrog hits you. The bullfrog attacks as it pursues you!
The bullfrog is struck by your spines. The bullfrog hits you!
The bullfrog hits you. The bullfrog barely misses you.
You catch the helpless black bear completely off-guard!
You hit the black bear.
Your weapon exudes an aura of protection.
The black bear is almost dead.
The black bear looks more healthy.
The bullfrog is struck by your spines.
The bullfrog hits you but does no damage.
The black bear is engulfed in noxious fumes.
The black bear appears confused.
The black bear is engulfed in noxious fumes.
The black bear appears confused.
The black bear is struck by your spines.
You kill the black bear!
The bullfrog is struck by your spines. The bullfrog barely misses you.
Your Conjurations skill increases to level 4!
You hit the bullfrog.
The bullfrog is heavily wounded.
The bullfrog hits you.
* * * LOW HITPOINT WARNING * * *
The bullfrog hits you.
* * * LOW HITPOINT WARNING * * *
The bullfrog attacks as it pursues you! The bullfrog is struck by your spines.
The bullfrog hits you.
You die...

#......##.......##.##.
#####..##.########.###
#.......###.##.# #
#...........##.# #
#..###...#...##.# # ....##
###........# # ..########
####...#..###
........F#####....#.[....)
..######°@.....#.......###
###..##†...#.#..# #
#.....##......###
.?..######.##..... .......
#....)### .......#.#
##...# ......$#.. #...#
.......##.# #.... .......#
.#


You could see a bullfrog.

Vanquished Creatures
  Edmund (D:4)
  A black bear (D:4)
  An orc wizard (D:2)
  5 adders
  4 worms (D:2)
  A dart slug (D:4)
  6 orcs
  5 bats
  8 endoplasms
  3 giant cockroaches
  9 goblins
  8 hobgoblins
  6 kobolds
  2 quokkas
  9 ball pythons
  A frilled lizard (D:2)
  9 rats
79 creatures vanquished.

Notes
Turn   | Place    | Note
-------+----------+-------------------------------------------
     0 | D:1      | Anonymone the Demonspawn Venom Mage began the quest for the
                  | Orb.
     0 | D:1      | Reached XP level 1. HP: 13/13 MP: 3/3
   350 | D:1      | Found a faded altar of an unknown god.
   366 | D:1      | Gained mutation: Your demonic aura sometimes causes spilled
                  | blood to erupt in flames. [demonic ancestry]
   366 | D:1      | Reached XP level 2. HP: 13/19 MP: 1/5
  1038 | D:2      | Learned a level 2 spell: Poisonous Vapours
  1111 | D:2      | Reached XP level 3. HP: 15/24 MP: 1/7
  1541 | D:2      | Found Xogegum's Jewellery Boutique.
  1596 | D:2      | Found Ozunkiel's Assorted Antiques.
  1652 | D:2      | Found Ukicisch's Antique Weapon Emporium.
  1707 | D:2      | Reached skill level 1 in Air Magic
  1892 | D:2      | Found Ogiocajo's Antique Weapon Emporium.
  2057 | D:2      | Reached XP level 4. HP: 29/30 MP: 4/8
  2296 | D:3      | Learned a level 3 spell: Mephitic Cloud
  2301 | D:3      | Noticed Sigmund
  2519 | D:3      | Found a radiant altar of Vehumet.
  2523 | D:3      | Found an ornate altar of the Wu Jian Council.
  2739 | D:3      | Noticed Grinder
  2751 | D:4      | Noticed Edmund
  2871 | D:3      | Paralysed by Grinder for 5 turns
  2898 | D:3      | Paralysed by Grinder for 2 turns
  3015 | D:3      | Found a burning altar of Makhleb.
  3015 | D:3      | Noticed a balrug
  3016 | D:3      | Noticed an angel
  3709 | D:4      | Gained mutation: You are surrounded by a mild repulsion
                  | field. (EV +2) [demonic ancestry]
  3709 | D:4      | Reached XP level 5. HP: 35/35 MP: 6/10
  3784 | D:4      | Reached skill level 1 in Conjurations
  4109 | D:4      | Killed Edmund
  4110 | D:4      | Reached skill level 3 in Conjurations
  4110 | D:4      | Gained mutation: You are partially covered in sharp spines.
                  | [demonic ancestry]
  4110 | D:4      | Reached XP level 6. HP: 41/41 MP: 0/11
  4289 | D:4      | Reached skill level 4 in Conjurations
  4290 | D:4      | Slain by a bullfrog

Illustrated notes

Levels and vault maps discovered:
D:1:      grunt_arrival_lava_bath, layout_loops_cross,
          ebering_ecumenical_altar_mist
D:2:      layout_rooms, serial_shops, nicolae_shop_waterfront,
          nicolae_shop_advertising_works [nicolae_subvault_shop_adworks],
          nicolae_shop_waterfront, nicolae_shop_temple_entry_statues_fountains,
          kennysheep_path_1, minmay_between
D:3:      layout_basic, grunt_temple_overflow_order_and_chaos_2,
          nicolae_overflow_hidden_temple, uniq_sigmund, uniq_grinder
D:4:      layout_rooms, mainiacjoe_overflow_tiny_flanked,
          dreamdust_mushroom_princess, minmay_goblin_outpost, uniq_edmund

Skill      XL: |  1  2  3  4  5  6 |
---------------+-------------------+-----
Spellcasting   | 3 |  3.4
Air Magic      | 1 2 |  2.6
Conjurations   | 3 4 |  4.3
Dodging        | |  1.8
Stealth        | |  1.8
Transmutations | |  0.9
Poison Magic   | |  3.4

Action                     |  1- 3 |  4- 6 || total
---------------------------+-------+-------++-------
  Melee: Unarmed           |     5 |       ||     5
         Dagger            |    39 |    21 ||    60
         Punch             |     1 |       ||     1
         Flail             |       |    14 ||    14
   Cast: Sting             |    97 |    72 ||   169
         Poisonous Vapours |     5 |    10 ||    15
         Mephitic Cloud    |       |     4 ||     4
  Evoke: Wand              |       |     1 ||     1
    Use: Scroll            |       |     5 ||     5
         Potion            |       |     2 ||     2
   Stab: Sleeping          |     1 |       ||     1
         Invisible         |       |     4 ||     4
         Confused          |       |     1 ||     1
 Armour: Robe              |    42 |    47 ||    89
  Dodge: Dodged            |    42 |    39 ||    81

Table legend: (Time is in decaauts)
 A = Elapsed time spent in this place.
 B = Non-inter-level travel time spent in this place.
 C = Inter-level travel time spent in this place.
 D = Time resting spent in this place.
 E = Time spent auto-exploring this place.
 F = Levels seen in this place.
 G = Mean time per level.
                   A        B        C        D        E       F      G
               +--------+--------+--------+--------+--------+-----+--------+
         Total |   4300 |   3908 |    392 |    465 |   2568 |   4 | 1075.0 |
       Dungeon |   4300 |   3908 |    392 |    465 |   2568 |   4 | 1075.0 |
               +--------+--------+--------+--------+--------+-----+--------+

Top non-repeatable levels by time:
     D:2: 1417 daAuts
     D:3: 1205 daAuts
     D:1: 1075 daAuts
     D:4: 601 daAuts
